 Dungeon Crawl Stone Soup version 0.31-a0-826-ga5cc291a1b (webtiles) character file.

Game seed: 5735062128518197116

313 qw the Shooter (level 6, -5/38 HPs)
             Began as a Gargoyle Hunter on Sept 23, 2023.
             Was an Initiate of Okawaru.
             Killed from afar by a steam dragon (11 damage)
             ... with a ball of steam
             ... on level 5 of the Dungeon.
             The game lasted 00:01:17 (3496 turns).

qw the Shooter (Gargoyle Hunter)                    Turns: 3496, Time: 00:01:17

Health: -5/38      AC: 15    Str: 14    XL:     6   Next: 43%
Magic:  6/6        EV: 11    Int: 10    God:    Okawaru [......]
Gold:   258        SH:  0    Dex: 15    Spells: 5/5 levels left

rFire   . . .        Y - +0 shortbow (flame)
rCold   + . .        (shield currently unavailable)
rNeg    + + +        k - +3 ring mail {rC+}
rPois   inf          e - +1 helmet
rElec   +            (no cloak)
rCorr   .            (no gloves)
SInv    .            h - +0 pair of boots
Will    .....        (no amulet)
Stlth   +            b - ring of positive energy
HPRegen 0.26/turn    l - ring of positive energy
MPRegen 0.10/turn

%: no passive effects
@: about to teleport
A: sickness immunity, AC +4, negative energy resistance 1, electricity
resistance, torment resistance 1, petrification resistance
a: Renounce Religion


You were on level 5 of the Dungeon.
You worshipped Okawaru.
Okawaru was noncommittal.
You visited 1 branch of the dungeon, and saw 5 of its levels.

You collected 258 gold pieces.


Innate Abilities, Weirdness & Mutations

You are immune to sickness and miasma.
Your stone body is resilient. (AC +4)
You are immune to poison.
You resist negative energy. (rN+)
You are resistant to electric shocks. (rElec)
You are resistant to unholy torment.
You are immune to petrification.


   Skills:
 - Level 4.1 Fighting
 + Level 6.4 Ranged Weapons
 - Level 1.7 Armour
 - Level 1.5 Dodging
 - Level 1.1 Stealth


You had 5 spell levels left.
You didn't know any spells.
Your spell library was empty.

Inventory:

Hand Weapons
 Y - a +0 shortbow of flaming (weapon)
Armour
 e - a +1 helmet (worn)
 h - a +0 pair of boots (worn)
 k - a +3 ring mail of cold resistance (worn)
Jewellery
 b - a ring of positive energy (left hand)
 l - a ring of positive energy (right hand)
 n - a ring of ice
Scrolls
 a - a scroll of identify
 m - a scroll of teleportation
 q - a scroll of enchant weapon {unknown}
Potions
 c - a potion of brilliance {unknown}
 d - a potion of haste
 f - 4 potions of curing
 g - a potion of might
 j - a potion of ambrosia {unknown}
 p - a potion of heal wounds {unknown}

Dungeon Overview and Level Annotations

Branches:
Dungeon (5/15)             Temple (0/1) D:5

Altars:
Elyvilon
Fedhas
Gozag
Okawaru
Wu Jian

Annotations:
D:5 Eustachio


Message History

Eustachio gestures wildly while chanting.
Eustachio blinks!
The steam dragon bites you. The steam dragon claws you.
You shoot an arrow.
The arrow closely misses the steam dragon.
The arrow barely misses the orc.
The steam dragon closely misses you.
The steam dragon claws you but does no damage.
You shoot an arrow.
The arrow hits the steam dragon but does no damage.
The steam dragon is heavily wounded.
The steam dragon closely misses you. The steam dragon barely misses you.
Eustachio gestures wildly while chanting.
Eustachio blinks!
The steam dragon bites you!
The steam dragon claws you but does no damage.
You shoot an arrow.
The arrow hits the steam dragon but does no damage.
The steam dragon is heavily wounded.
Eustachio mumbles some strange words.
The steam dragon closely misses you. x2
You shoot an arrow. The arrow hits the steam dragon.
The arrow burns the steam dragon.
The steam dragon is severely wounded.
The steam dragon breathes steam at you. The ball of steam hits you!
3495 ||| READING 2 scrolls of teleportation.
As you read the scroll of teleportation, it crumbles to dust.
You feel strangely unstable.
You are engulfed in a cloud of scalding steam.
The steam dragon bites you but does no damage.
The steam dragon closely misses you.
You shoot an arrow.
The arrow closely misses the steam dragon.
The arrow closely misses the orc.
The arrow hits Eustachio.
The arrow burns Eustachio.
Eustachio is lightly wounded.
You are engulfed in a cloud of scalding steam.
Eustachio gestures wildly while chanting.
The steam dragon breathes steam at you. The ball of steam hits you!
You die...

#..........)..###.#.###.#.#.
#..........................<
#..........#######.......###
###.######.......!..........
#.###.#############........###
#............. ..........# #
#...#.######### .###.......###
#...#.¤¤¤00..¤#. #######....
#.#..#.######@# #....
#.#.........#D# #####.... #
#.........bo# #.......#
#.......###5.@# #(#....##
.........# ###r.... +......
##.......# #..##.. #..#....##
#.......# #.... .......<#
#.......# ##.... ...#....#
#.......# ..@.. ..(#....#


You could see Eustachio, a steam dragon (catching breath), a shadow imp
(summoned), an orc, a quokka (summoned) and a bat (summoned).

Vanquished Creatures
  2 jellies
  An orc priest (D:4)
  Ijyb (D:3)
  An iguana (D:4)
  An orc wizard (D:5)
  A gnoll (D:1)
  4 adders
  An ufetubus (D:4)
  2 worms
  2 dart slugs (D:3)
  9 orcs
  5 ball pythons
  2 bats
  5 endoplasms
  2 giant cockroaches (D:1)
  8 goblins
  3 hobgoblins
  11 jackals
  5 kobolds
  4 quokkas
  5 frilled lizards
  4 rats
79 creatures vanquished.

Notes
Turn   | Place    | Note
-------+----------+-------------------------------------------
     0 | D:1      | qw the Gargoyle Hunter began the quest for the Orb.
     0 | D:1      | Reached XP level 1. HP: 12/12 MP: 1/1
     0 | D:1      | 0 ||| qw: Version: 0.3-a-83-gcd0e7d8
     0 | D:1      | 0 ||| qw: Game counter: 1851
     0 | D:1      | 0 ||| qw: Melee chars always use a shield: true
     0 | D:1      | 0 ||| qw: God list: Okawaru
     0 | D:1      | 0 ||| qw: Allow faded altars: false
     0 | D:1      | 0 ||| qw: Do Orc after clearing Dungeon:15 true
     0 | D:1      | 0 ||| qw: Do second Lair branch before Depths: true
     0 | D:1      | 0 ||| qw: Lair rune preference: random
     0 | D:1      | 0 ||| qw: Goals: Normal
     0 | D:1      | 0 ||| PLANNING D:1-11
   110 | D:1      | Reached XP level 2. HP: 17/17 MP: 2/2
   375 | D:1      | Reached skill level 5 in Ranged Weapons
   375 | D:1      | Reached XP level 3. HP: 21/21 MP: 3/3
   693 | D:1      | 693 ||| READING 2 scrolls labelled GAGGYT IMUV.
   694 | D:1      | 694 ||| DROPPING scroll of butterflies.
   918 | D:2      | Reached skill level 3 in Fighting
   918 | D:2      | Reached XP level 4. HP: 28/28 MP: 4/4
  1040 | D:2      | 1040 ||| UPGRADING to +0 pair of boots.
  1045 | D:2      | 1045 ||| UPGRADING to ring of positive energy.
  1046 | D:2      | 1046 ||| UPGRADING to ring of positive energy.
  1047 | D:2      | 1047 ||| READING scroll labelled NUOXUI HOUL.
  1048 | D:2      | 1048 ||| READING scroll labelled FATUINA LASE.
  1051 | D:2      | 1051 ||| READING 2 scrolls labelled LOHATE QIRE.
  1052 | D:2      | 1052 ||| DRINKING 5 fuming blue potions.
  1053 | D:2      | 1053 ||| READING 2 scrolls of identify.
  1053 | D:2      | 1053 ||| IDENTIFYING grey potion
  1054 | D:2      | 1054 ||| DROPPING scroll of fear.
  1227 | D:3      | Noticed Ijyb
  1229 | D:3      | Paralysed by Ijyb for 5 turns
  1255 | D:3      | HP: 5/28 [Ijyb/+0 club (5)]
  1260 | D:3      | Paralysed by Ijyb for 4 turns
  1262 | D:3      | HP: 3/28 [Ijyb/+0 club (2)]
  1263 | D:3      | HP: 1/28 [Ijyb/+0 club (2)]
  1266 | D:3      | Killed Ijyb
  1901 | D:3      | Found an opulent altar of Gozag.
  1923 | D:3      | Found an iron altar of Okawaru.
  1924 | D:3      | 1924 ||| PLANNING OKAWARU WORSHIP
  1924 | D:3      | 1924 ||| UPGRADING to +0 helmet.
  1929 | D:3      | 1929 ||| UPGRADING to +3 ring mail of cold resistance.
  1939 | D:3      | 1939 ||| DROPPING +0 leather armour.
  1943 | D:3      | Became a worshipper of Warmaster Okawaru
  1944 | D:3      | 1944 ||| PLANNING D:1-11
  1947 | D:3      | Found a blossoming altar of Fedhas.
  1951 | D:3      | Found an ornate altar of the Wu Jian Council.
  2214 | D:4      | Found a white marble altar of Elyvilon.
  2246 | D:4      | Reached skill level 1 in Armour
  2246 | D:4      | Reached XP level 5. HP: 17/32 MP: 5/5
  2762 | D:4      | Reached skill level 6 in Ranged Weapons
  2946 | D:4      | Reached XP level 6. HP: 37/37 MP: 6/6
  2974 | D:4      | 2974 ||| READING scroll labelled ALUDWE LUQINUM.
  2975 | D:4      | 2975 ||| READING scroll labelled TUDOYXZA HAIH.
  2976 | D:4      | 2976 ||| DRINKING 2 fizzy red potions.
  2977 | D:4      | 2977 ||| READING 2 scrolls of identify.
  2977 | D:4      | 2977 ||| IDENTIFYING amethyst potion
  2978 | D:4      | 2978 ||| DROPPING potion of lignification.
  3023 | D:5      | Entered Level 5 of the Dungeon
  3149 | D:5      | Found a staircase to the Ecumenical Temple.
  3456 | D:5      | 3456 ||| READING scroll of enchant armour.
  3456 | D:5      | 3456 ||| ENCHANTING +0 helmet.
  3478 | D:5      | Noticed Eustachio
  3479 | D:5      | Noticed a steam dragon
  3480 | D:5      | 3480 ||| RETREEAATING.
  3481 | D:5      | 3481 ||| STILL RETREEAATING.
  3482 | D:5      | 3482 ||| STILL RETREEAATING.
  3485 | D:5      | 3485 ||| Stepping ~*~*~tactically~*~*~ (cloud).
  3486 | D:5      | 3486 ||| READING scroll labelled LIT CERIAST.
  3487 | D:5      | 3487 ||| READING scroll labelled GAN GOANARITO.
  3489 | D:5      | 3489 ||| RETREEAATING.
  3494 | D:5      | HP: 5/38 [steam dragon/ball of steam (8)]
  3495 | D:5      | 3495 ||| READING 2 scrolls of teleportation.
  3496 | D:5      | Killed from afar by a steam dragon

Levels and vault maps discovered:
D:1:      nicolae_arrival_washed_ashore, layout_loops_ring,
          chequers_serial_rivers_small_b
D:2:      layout_rooms
D:3:      layout_basic, grunt_gozag_statues, grunt_temple_overflow_diamond,
          dk_noncrumbling_4, wander_ebering_terrifying_dragon_lair, uniq_ijyb
D:4:      layout_basic, nicolae_elyvilon_peaceful_grove, minmay_door_square,
          nicolae_houndstooth_variations
D:5:      layout_basic, nicolae_ru_awakened_eye, marbit_many_paths,
          nicolae_tso_swordbearing_angel, minmay_temple_entry_hall,
          uniq_menkaure, uniq_eustachio

Skill      XL: |  1  2  3  4  5  6 |
---------------+-------------------+-----
Ranged Weapons | 5 6 |  6.4
Fighting       | 3 4 |  4.1
Armour         | 1 |  1.7
Dodging        | |  1.5
Stealth        | |  1.1

Action                     |  1- 3 |  4- 6 || total
---------------------------+-------+-------++-------
   Fire: Shortbow          |    99 |   205 ||   304
    Use: Scroll            |     1 |    11 ||    12
         Potion            |       |     2 ||     2
 Armour: Leather armour    |    15 |    24 ||    39
         Ring mail         |       |    94 ||    94
  Dodge: Dodged            |    29 |    83 ||   112

Table legend:
 A = Non-vault XP
 B = Vault XP
 C = Vault XP percentage of total XP
 D = Non-vault monster count
 E = Vault monster count
 F = Vault count percentage of total count
                 A         B        C        D         E       F
            +---------+---------+-------+---------+---------+-------
      Total |     409 |      39 |   8.7 |      77 |       2 |   2.5
            +---------+---------+-------+---------+---------+-------
        D:1 |      53 |       0 |   0.0 |      23 |       0 |   0.0
        D:2 |      43 |       0 |   0.0 |      12 |       0 |   0.0
        D:3 |      27 |      39 |  59.1 |      13 |       2 |  13.3
        D:4 |     161 |       0 |   0.0 |      18 |       0 |   0.0
        D:5 |     125 |       0 |   0.0 |      11 |       0 |   0.0
            +---------+---------+-------+---------+---------+-------
